 Dungeon Crawl Stone Soup version 0.23-a0-321-g6bcb69f (webtiles) character file.

2277 epen the Ducker (level 9, -3/69 HPs)
             Began as a Gnoll Gladiator on Oct 15, 2018.
             Was a Priest of Makhleb.
             Slain by an orc warrior
             ... wielding a +0 glaive
              (26 damage)
             ... on level 6 of the Dungeon.
             The game lasted 00:11:06 (5725 turns).

epen the Ducker (Gnoll Gladiator)                   Turns: 5725, Time: 00:11:07

Health: -3/69      AC:  9    Str: 19    XL:     9   Next: 39%
Magic:  15/15      EV: 17    Int: 11    God:    Makhleb [***...]
Gold:   280        SH:  0    Dex: 17    Spells: 16/16 levels left

rFire    . . .     SeeInvis .   t - +1 dagger (elec)
rCold    . . .     Gourm    .   (no shield)
rNeg     . . .     Faith    .   y - +0 steam dragon scales
rPois    .         Spirit   .   c - +0 helmet
rElec    .         Reflect  .   g - +0 cloak
rCorr    .         Harm     .   k - +0 pair of gloves
MR       .....                  (no boots)
Stlth    +++.......             (no amulet)
HPRegen  0.21/turn              (no ring)
MPRegen  0.14/turn              (no ring)

@: no status effects
A: distributed training, fangs 1, strong nose
a: Minor Destruction, Lesser Servant of Makhleb, Renounce Religion


You were on level 6 of the Dungeon.
You worshipped Makhleb.
Makhleb was most pleased with you.
You were not hungry.

You visited 1 branch of the dungeon, and saw 6 of its levels.
You also visited: Sewer and Ossuary.

You collected 280 gold pieces.

Inventory:

Hand Weapons
 a - a +0 long sword
 t - a +1 dagger of electrocution (weapon)
Missiles
 d - 3 throwing nets (quivered)
Armour
 b - a +0 leather armour
 c - a +0 helmet (worn)
 g - a +0 cloak (worn)
 k - a +0 pair of gloves (worn)
 l - a +0 ring mail
 s - a +2 leather armour of cold resistance
 y - +0 steam dragon scales (worn)
Jewellery
 m - an uncursed ring of positive energy
 B - an uncursed amulet of magic regeneration {unknown}
Wands
 n - a wand of polymorph (6)
 o - a wand of flame (25)
Scrolls
 e - 6 scrolls of identify
 p - 3 scrolls of fog
Potions
 h - a potion of mutation
 i - 4 potions of ambrosia
 j - a potion of brilliance {unknown}
 q - a potion of might {unknown}
 r - 4 potions of flight
 u - a potion of curing {unknown}
 v - a potion of haste {unknown}
 w - a potion of heal wounds {unknown}
 x - a potion of magic {unknown}
 z - a potion of resistance {unknown}
 A - a potion of lignification {unknown}
Comestibles
 f - 9 rations


   Skills:
 + Level 6.2 Fighting
 + Level 4.1 Short Blades
 + Level 7.8 Long Blades
 + Level 4.1 Axes
 + Level 4.1 Maces & Flails
 + Level 4.1 Polearms
 + Level 4.1 Staves
 + Level 4.1 Slings
 + Level 4.1 Bows
 + Level 4.1 Crossbows
 + Level 6.2 Throwing
 + Level 4.1 Armour
 + Level 7.8 Dodging
 + Level 4.1 Stealth
 + Level 4.1 Shields
 + Level 4.1 Unarmed Combat
 + Level 4.1 Spellcasting
 + Level 3.4 Conjurations
 + Level 3.4 Hexes
 + Level 3.4 Charms
 + Level 3.4 Summonings
 + Level 3.4 Necromancy
 + Level 3.4 Translocations
 + Level 3.4 Transmutations
 + Level 3.4 Fire Magic
 + Level 3.4 Ice Magic
 + Level 3.4 Air Magic
 + Level 3.4 Earth Magic
 + Level 3.4 Poison Magic
 + Level 4.5 Invocations
 + Level 4.1 Evocations


You had 16 spell levels left.
You didn't know any spells.
Your spell library contained the following spells:

 Spells                   Type           Power        Failure   Level  Hunger
 Sticks to Snakes         Tmut           #.......     9%          2    ##.....
 Ignite Poison            Fire/Tmut/Pois #.......     17%         3    ###....
 Sticky Flame             Conj/Fire      #.......     50%         4    #####..
 Yara's Violent Unravell  Hex/Tmut       #.........   85%         5    ######.
 Statue Form              Tmut/Erth      #........    100%        6    #######


Dungeon Overview and Level Annotations

Branches:
Dungeon (6/15)
 Temple: D:4-7

Altars:
Ashenzari
Makhleb
Okawaru
Ru
Trog
Xom

Shops:
D:4 :


Innate Abilities, Weirdness & Mutations

Your experience applies equally to all skills.
You have very sharp teeth.
Your uncanny sense of smell can sniff out nearby items.


Message History

You hit the orc warrior but do no damage.
The orc warrior is lightly wounded.
The orc barely misses you. The orc hits you but does no damage.
You hit the orc.
The orc is lightly wounded.
The orc warrior hits you with a +0 glaive.
The orc hits you with a +0 short sword. The orc hits you with a +0 flail.
The orc closely misses you.
You hit the orc.
The orc is heavily wounded.
The orc barely misses you.
You hit the orc warrior but do no damage.
The orc warrior is lightly wounded.
The orc warrior hits you with a +0 glaive!
The orc completely misses you. The orc misses you.
You hit the orc warrior but do no damage.
The orc warrior is lightly wounded.
The orc completely misses you. The orc closely misses you. x2
The orc warrior hits you with a +0 glaive!!
You die...

### # #.# ..###
##<#####
.....###......##
.................
..........#######
##. .......†###
.... #..##.†o@###
#.... ..
#..ooo.## #..o..
.
#)......####ooo#
##..###)..#....#
#### ##.......#
###.....# #.....#
#........
##.......


You could see an orc warrior and 3 orcs.

Vanquished Creatures
  Eustachio (D:4)
  A steam dragon (D:5)
  Duvessa (D:4)
  An ogre (D:5)
  2 centaurs (D:5)
  A big kobold (D:4)
  Blork the orc (D:6)
  An elf zombie (D:4)
  A bullfrog (D:5)
  An elf skeleton (D:4)
  Dowan (D:4)
  2 scorpions
  3 centaur zombies
  A human zombie (Ossuary)
  3 jellies (D:5)
  2 orc priests
  3 orc wizards
  A hound (D:5)
  An iguana (D:5)
  Jessica (D:3)
  2 centaur skeletons
  2 human skeletons (D:4)
  Natasha (twice) (D:4)
  6 worker ants
  3 big kobold zombies (Ossuary)
  A hound zombie (Ossuary)
  A hound skeleton (D:4)
  3 mummies (Ossuary)
  A howler monkey zombie (D:5)
  4 gnolls (D:5)
  10 adders
  6 adder zombies
  2 worms
  2 dart slugs
  8 leopard geckos
  10 orcs
  3 ball pythons
  14 bats
  8 giant cockroaches
  3 gnoll zombies (Ossuary)
  8 hobgoblins
  21 jackals
  A quokka (D:3)
  10 frilled lizards
  3 goblins
  5 goblin zombies (Ossuary)
  A hobgoblin zombie (Ossuary)
  4 jackal zombies (Ossuary)
  10 kobolds
  3 kobold zombies (Ossuary)
  A leopard gecko skeleton (D:5)
  2 orc skeletons (D:4)
  A quokka skeleton (D:6)
  4 quokka zombies
  8 rats
  5 rat zombies (Ossuary)
207 creatures vanquished.

Vanquished Creatures (others)
  2 plants (D:4)
  5 toadstools (D:6)
7 creatures vanquished.

Grand Total: 214 creatures vanquished

Notes
Turn   | Place    | Note
-------+----------+-------------------------------------------
     0 | D:1      | epen the Gnoll Gladiator began the quest for the Orb.
     0 | D:1      | Reached XP level 1. HP: 20/20 MP: 1/1
    45 | D:1      | Reached XP level 2. HP: 24/26 MP: 2/2
   205 | D:1      | Reached XP level 3. HP: 31/31 MP: 3/3
   416 | D:2      | Reached skill level 1 in Short Blades
   416 | D:2      | Reached skill level 1 in Axes
   416 | D:2      | Reached skill level 1 in Maces & Flails
   416 | D:2      | Reached skill level 1 in Polearms
   416 | D:2      | Reached skill level 1 in Staves
   416 | D:2      | Reached skill level 1 in Slings
   416 | D:2      | Reached skill level 1 in Bows
   416 | D:2      | Reached skill level 1 in Crossbows
   416 | D:2      | Reached skill level 1 in Armour
   416 | D:2      | Reached skill level 1 in Stealth
   416 | D:2      | Reached skill level 1 in Shields
   416 | D:2      | Reached skill level 1 in Unarmed Combat
   416 | D:2      | Reached skill level 1 in Spellcasting
   416 | D:2      | Reached skill level 1 in Invocations
   416 | D:2      | Reached skill level 1 in Evocations
   416 | D:2      | Reached XP level 4. HP: 30/38 MP: 5/5
   468 | D:2      | Reached skill level 1 in Conjurations
   468 | D:2      | Reached skill level 1 in Hexes
   468 | D:2      | Reached skill level 1 in Charms
   468 | D:2      | Reached skill level 1 in Summonings
   468 | D:2      | Reached skill level 1 in Necromancy
   468 | D:2      | Reached skill level 1 in Translocations
   468 | D:2      | Reached skill level 1 in Transmutations
   468 | D:2      | Reached skill level 1 in Fire Magic
   468 | D:2      | Reached skill level 1 in Ice Magic
   468 | D:2      | Reached skill level 1 in Air Magic
   468 | D:2      | Reached skill level 1 in Earth Magic
   468 | D:2      | Reached skill level 1 in Poison Magic
   485 | D:2      | Reached XP level 5. HP: 34/43 MP: 6/6
   736 | D:2      | Found a shimmering altar of Xom.
   736 | D:2      | Found a shimmering altar of Xom.
   737 | D:2      | Found a shimmering altar of Xom.
   737 | D:2      | Found a shimmering altar of Xom.
   741 | D:2      | Found a shimmering altar of Xom.
  1230 | D:3      | Found a bloodstained altar of Trog.
  1233 | D:3      | Found a burning altar of Makhleb.
  1244 | D:3      | Became a worshipper of Makhleb the Destroyer
  1248 | D:3      | Found a shattered altar of Ashenzari.
  1277 | D:3      | Found a glowing drain.
  1310 | Sewer    | Entered a sewer
  1752 | D:3      | Noticed Jessica
  1767 | D:3      | Killed Jessica
  1767 | D:3      | Reached XP level 6. HP: 50/50 MP: 8/8
  1904 | D:3      | Reached * piety under Makhleb
  1979 | D:3      | Found an iron altar of Okawaru.
  2188 | D:4      | Found Caxuq's Book Shop.
  2294 | D:4      | Reached skill level 5 in Fighting
  2294 | D:4      | Reached skill level 5 in Throwing
  2343 | D:4      | Found a sand-covered staircase.
  2348 | Ossuary  | Entered an ossuary
  2434 | Ossuary  | Reached ** piety under Makhleb
  2440 | Ossuary  | Reached XP level 7. HP: 56/56 MP: 10/10
  2724 | D:4      | Noticed Duvessa
  2725 | D:4      | Noticed Dowan
  2763 | D:4      | Killed Duvessa
  2770 | D:4      | Killed Dowan
  2770 | D:4      | Reached XP level 8. HP: 27/63 MP: 10/12
  2954 | D:4      | Noticed Natasha
  2956 | D:4      | Noticed Eustachio
  2962 | D:4      | Killed Natasha
  3106 | D:4      | Noticed Natasha
  3130 | D:4      | Found a sacrificial altar of Ru.
  3205 | D:4      | Reached *** piety under Makhleb
  3486 | D:4      | Killed Eustachio
  3675 | D:4      | Killed Natasha
  3901 | D:5      | Entered Level 5 of the Dungeon
  4526 | D:5      | Reached XP level 9. HP: 69/69 MP: 14/14
  4600 | D:5      | Identified the Catalogue of the Mutagenic Blaze
  4771 | D:5      | Reached **** piety under Makhleb
  5676 | D:6      | Noticed Blork the orc
  5680 | D:6      | Killed Blork the orc
  5725 | D:6      | Slain by an orc warrior

Vault maps used:
D:1:      minmay_arrival_jagged
D:2:      xom_redecorated
D:3:      kennysheep_okawaru_gauntlet, grunt_temple_overflow_diamond,
          portal_sewer_entry_d, st_stairs_4, minmay_misc_feat_alley,
          grunt_decor_resistance, chequers_garden, uniq_jessica
D:4:      hangedman_ru_absence, nicolae_ossuary_entry_catacombs, first_ration,
          serial_shops, nicolae_shop_stone, lexackson_kobold_supper,
          uniq_natasha, uniq_duvessa, uniq_eustachio
D:5:      kennysheep_windowed_halls
D:6:      minmay_temple_entry_enclosed_plants, minmay_gold_behind_fungi,
          uniq_pikel, uniq_blork_the_orc
Sewer:    sewer_fruit_machine
Ossuary:  minmay_ossuary_two_tombs

Skill      XL: |  1  2  3  4  5  6  7  8  9 |
---------------+----------------------------+-----
Short Blades   | 1 2 3 4 |  4.1
Axes           | 1 2 3 4 |  4.1
Maces & Flails | 1 2 3 4 |  4.1
Polearms       | 1 2 3 4 |  4.1
Staves         | 1 2 3 4 |  4.1
Slings         | 1 2 3 4 |  4.1
Bows           | 1 2 3 4 |  4.1
Crossbows      | 1 2 3 4 |  4.1
Armour         | 1 2 3 4 |  4.1
Stealth        | 1 2 3 4 |  4.1
Shields        | 1 2 3 4 |  4.1
Unarmed Combat | 1 2 3 4 |  4.1
Spellcasting   | 1 2 3 4 |  4.1
Invocations    | 1 2 3 4 |  4.5
Evocations     | 1 2 3 4 |  4.1
Conjurations   | 1 2 3 |  3.4
Hexes          | 1 2 3 |  3.4
Charms         | 1 2 3 |  3.4
Summonings     | 1 2 3 |  3.4
Necromancy     | 1 2 3 |  3.4
Translocations | 1 2 3 |  3.4
Transmutations | 1 2 3 |  3.4
Fire Magic     | 1 2 3 |  3.4
Ice Magic      | 1 2 3 |  3.4
Air Magic      | 1 2 3 |  3.4
Earth Magic    | 1 2 3 |  3.4
Poison Magic   | 1 2 3 |  3.4
Fighting       | 5 6 |  6.2
Throwing       | 5 6 |  6.2
Long Blades    | 7 |  7.8
Dodging        | 7 |  7.8

Action                   |  1- 3 |  4- 6 |  7- 9 || total
-------------------------+-------+-------+-------++-------
Melee: Long sword        |    63 |   234 |   292 ||   589
       Bite              |    10 |    35 |    65 ||   110
       Punch             |       |     1 |    15 ||    16
       Dagger            |       |       |   122 ||   122
  Use: Scroll            |       |     3 |     9 ||    12
       Potion            |       |       |     1 ||     1
 Stab: Sleeping          |     1 |     1 |    11 ||    13
       Distracted        |       |       |     1 ||     1
  Eat: Chunk             |       |     6 |    11 ||    17
Armor: Leather armour    |    22 |    10 |    20 ||    52
       Ring mail         |       |    95 |   103 ||   198
       Skin              |       |     1 |       ||     1
       Steam dragon scal |       |       |    33 ||    33
Dodge: Dodged            |    72 |   241 |   424 ||   737
       Rpst.: Long sword |    26 |    74 |   113 ||   213

Table legend:
 A = Non-vault XP
 B = Vault XP
 C = Vault XP percentage of total XP
 D = Non-vault monster count
 E = Vault monster count
 F = Vault count percentage of total count
                 A         B        C        D         E       F
            +---------+---------+-------+---------+---------+-------
      Total |    1441 |    1813 |  55.7 |     116 |      91 |  44.0
            +---------+---------+-------+---------+---------+-------
        D:1 |      48 |       0 |   0.0 |      27 |       0 |   0.0
        D:2 |     161 |       0 |   0.0 |      21 |       0 |   0.0
        D:3 |      40 |      54 |  57.4 |      14 |       4 |  22.2
        D:4 |     272 |     816 |  75.0 |      17 |      18 |  51.4
        D:5 |     900 |     514 |  36.4 |      33 |      11 |  25.0
        D:6 |      20 |      99 |  83.2 |       4 |       1 |  20.0
      Sewer |       0 |      33 | 100.0 |       0 |      19 | 100.0
    Ossuary |       0 |     297 | 100.0 |       0 |      38 | 100.0
            +---------+---------+-------+---------+---------+-------
